 Dungeon Crawl Stone Soup version 0.29.1-13-g9f3cf754e1 (webtiles) character file.

Game seed: 11953861105987307614

99 tizbic2 the Trooper (level 4, 0/50 HPs)
             Began as an Ogre Fighter on Feb 8, 2023.
             Was a Follower of Nemelex Xobeh.
             Slain by a gnoll
             ... wielding a +0 spear
              (3 damage)
             ... on level 2 of the Dungeon.
             The game lasted 00:07:32 (1933 turns).

tizbic2 the Trooper (Ogre Fighter)                  Turns: 1933, Time: 00:07:33

Health: 0/50       AC:  4    Str: 22    XL:     4   Next: 72%
Magic:  4/4        EV:  8    Int:  9    God:    Nemelex Xobeh [*.....]
Gold:   86         SH:  7    Dex:  8    Spells: 3/3 levels left

rFire   . . .      SeeInvis .   k - +4 hammer (vorpal)
rCold   . . .      Faith    .   c - +0 kite shield
rNeg    . . .      Spirit   .   b - +0 robe
rPois   .          Reflect  .   (helmet restricted)
rElec   .          Harm     .   j - +0 cloak
rCorr   .          Rampage  .   (gloves unavailable)
Will    .....                   (boots unavailable)
Stlth   +.........              l - amulet of regeneration
HPRegen 0.96/turn               (no ring)
MPRegen 0.09/turn               (no ring)

@: mighty, lethally poisoned (0 -> -1)
A: large, unfitting armour, tough skin 1
a: Renounce Religion, Draw Escape, Draw Destruction, Draw Summoning


You were on level 2 of the Dungeon.
You worshipped Nemelex Xobeh.
Nemelex Xobeh was aware of your devotion.
You visited 1 branch of the dungeon, and saw 2 of its levels.

You collected 86 gold pieces.

Inventory:

Hand Weapons
 k - a +4 vorpal hammer (weapon)
Missiles
 f - 9 stones (quivered)
Armour
 b - a +0 robe (worn)
 c - a +0 kite shield (worn)
 j - a +0 cloak (worn)
Jewellery
 h - an amulet of faith
 l - an amulet of regeneration (around neck)
Scrolls
 a - 4 scrolls of identify {unknown}
 g - 2 scrolls of teleportation {unknown}
 n - a scroll of poison {unknown}
Potions
 d - a potion of might
 e - 2 potions of heal wounds {unknown}
 i - a potion of lignification {unknown}
 m - a potion of curing {unknown}


   Skills:
 + Level 5.0 Fighting
 * Level 3.5 Maces & Flails
 - Level 2.6 Dodging
 - Level 3.0 Shields
 + Level 1.2 Invocations


You had 3 spell levels left.
You didn't know any spells.
Your spell library contained the following spells:

 Spells                   Type           Power      Damage    Failure   Level
 Poisonous Vapours        Pois/Air       0%         N/A       82%         2
 Corpse Rot               Necr/Pois/Air  0%         N/A       100%        4


Dungeon Overview and Level Annotations

Branches:
Dungeon (2/15)

Altars:
Nemelex Xobeh

Annotations:
D:2 Robin


Innate Abilities, Weirdness & Mutations

You are too large for most types of armour.
You have tough skin. (AC +1)


Message History

The gnoll hits you from afar with a +0 spear.
The hobgoblin closely misses you. The goblin hits you but does no damage.
You block the goblin's attack.
You sock the hobgoblin!
You kill the hobgoblin!
You block the goblin's attack.
The gnoll hits you from afar with a +0 spear.
The goblin hits you with a +0 club. The adder bites you.
You block the goblin's attack. The goblin hits you with a +0 club.
The gnoll hits you from afar with a +0 spear.
You barely miss the adder. The adder bites you.
The goblin hits you with a +0 dagger.
The gnoll hits you from afar with a +0 spear!
* * * LOW HITPOINT WARNING * * *
The goblin hits you with a +0 club.
* * * LOW HITPOINT WARNING * * *
You block the adder's attack.
You closely miss the adder.
The goblin no longer looks unusually strong.
You block the goblin's attack. The gnoll barely misses you.
Robin roars a battlecry!
The goblin goes into a battle-frenzy!
The goblin hits you with a +0 club.
* * * LOW HITPOINT WARNING * * *
The adder bites you but does no damage. The goblin hits you but does no damage.
You block the gnoll's attack. The goblin hits you with a +0 club.
* * * LOW HITPOINT WARNING * * *
The adder barely misses you.
You feel very mighty all of a sudden. The adder bites you.
* * * LOW HITPOINT WARNING * * *
You are poisoned.
The adder poisons you! The goblin hits you but does no damage.
You block the gnoll's attack. The goblin barely misses you.
You sock the adder!
You kill the adder!
You feel sick.
The gnoll hits you from afar with a +0 spear.
You die...
Your body disappears without a glow.

,*,**,***,,,***#........,,#~.≈.≈.
.#.**..,,,,,,,*#..[.....,,#.≈..~♣
......#****.#,*#......S.,..~.≈.♣#
.#.##.#****.#,*#........,.#~.~≈~≈
.......,,,,..,.gg.......,,#..~#~.
...##.#*###.#.##ggg.....,,#.≈.#~~
...##.# #.#.#.##g.......,,##.,#~.
..†##.###.#...*#g#,,,,**+****,###
..........#.####@#,,,,*,,,,,,>,,,
............#..gg#,,,,*,,********
#.......#†#.#....#,,,,*,,* *
......#.#.#.#....#,,,,*,,* *
........#.#.#....#,,,,*,,* *
.##.###.#.#.#....#**#.#..# #
.....[..#.#.#....####.#..##**####
.##.###.#.#.#.............,,,....
.##.# #.#.#.#...#####.#..########


You could see Robin, 3 gnolls, a hobgoblin (strong) and 4 goblins.

Vanquished Creatures
  Crazy Yiuf (D:2)
  A gnoll (D:1)
  2 adders (D:2)
  A worm (D:2)
  2 dart slugs
  An endoplasm (D:2)
  2 giant cockroaches
  9 goblins
  2 hobgoblins
  3 jackals (D:1)
  2 kobolds
  A quokka (D:2)
  3 ball pythons (D:1)
  10 bats
  A frilled lizard (D:2)
  A rat (D:1)
42 creatures vanquished.

Vanquished Creatures (others)
  A fungus (D:2)
1 creature vanquished.

Grand Total: 43 creatures vanquished

Notes
Turn   | Place    | Note
-------+----------+-------------------------------------------
     0 | D:1      | tizbic2 the Ogre Fighter began the quest for the Orb.
     0 | D:1      | Reached XP level 1. HP: 24/24 MP: 1/1
   207 | D:1      | Reached XP level 2. HP: 24/32 MP: 2/2
   312 | D:1      | Found a faded altar of an unknown god.
   318 | D:1      | Prayed at the altar of an unknown god.
   318 | D:1      | Became a worshipper of Nemelex Xobeh the Trickster
   318 | D:1      | Reached * piety under Nemelex Xobeh
   647 | D:1      | Reached XP level 3. HP: 37/40 MP: 3/3
   862 | D:1      | Received a gift from Nemelex Xobeh
  1092 | D:2      | Reached ** piety under Nemelex Xobeh
  1252 | D:2      | Found a runed translucent door.
  1253 | D:2      | Noticed Crazy Yiuf
  1263 | D:2      | Killed Crazy Yiuf
  1264 | D:2      | Reached skill level 1 in Invocations
  1264 | D:2      | Reached XP level 4. HP: 14/49 MP: 4/4
  1759 | D:2      | Reached skill level 5 in Fighting
  1917 | D:2      | Noticed Robin
  1933 | D:2      | Slain by a gnoll

Illustrated notes

Levels and vault maps discovered:
D:1:      wheals_arrival_shading, layout_basic, serial_co_window_serial,
          co_window_paths_a, co_window_paths_b, co_window_of_opportunity_a,
          co_window_paths_a, co_window_of_opportunity_a, co_window_paths_a,
          co_window_of_opportunity_b, co_window_paths_c, co_window_corner_b,
          co_window_2corner, co_window_broadway_a, glass_columns_a,
          glass_columns_b, glass_columns_a, glass_columns_c,
          nicolae_ecumenical_lake_church
D:2:      layout_basic, chequers_serial_rivers_marsh, uniq_crazy_yiuf_cottage,
          uniq_robin, uniq_natasha

Skill      XL: |  1  2  3  4 |
---------------+-------------+-----
Maces & Flails | 2 3 |  3.5
Invocations    | 1 |  1.2
Fighting       | 5 |  5.0
Dodging        | |  2.6
Shields        | |  3.0

Action                   |  1- 3 |  4- 6 || total
-------------------------+-------+-------++-------
Melee: Flail             |   101 |       ||   101
       Mace              |       |    33 ||    33
Throw: Stone             |     1 |       ||     1
Invok: Draw Destruction  |     2 |       ||     2
  Use: Scroll            |     1 |     1 ||     2
       Potion            |       |     1 ||     1
 Stab: Sleeping          |     3 |       ||     3
Armor: Robe              |    34 |    25 ||    59
Dodge: Dodged            |    56 |    19 ||    75
Block: Kite shield       |    49 |    26 ||    75
